 Dungeon Crawl Stone Soup version 0.26.1-11-gd32895ea62 (webtiles) character file.

Game seed: 15553130838255938305

861 Tirrikindir the Slasher (level 8, 0/54 HPs)
             Began as an Octopode Fighter on June 21, 2021.
             Was an Initiate of Gozag.
             Slain by an orc wizard
             ... wielding a +0 dagger
              (3 damage)
             ... on level 4 of the Dungeon.
             The game lasted 00:09:06 (4190 turns).

Tirrikindir the Slasher (Octopode Fighter)          Turns: 4190, Time: 00:09:07

Health: 0/54       AC:  1    Str: 19    XL:     8   Next: 2%
Magic:  0/8        EV: 12    Int: 11    God:    Gozag
Gold:   203        SH:  9    Dex: 12    Spells: 7/7 levels left

rFire    . . .     SeeInvis .   a - +0 long sword
rCold    . . .     Faith    .   b - +0 kite shield
rNeg     . . .     Spirit   +   (helmet restricted)
rPois    .         Reflect  .   q - amulet of Kehuat {Spirit *Drain +Fly Will++ Str+3}
rElec    .         Harm     .   (no ring)
rCorr    .         Rampage  .   (no ring)
Will     ++...                  (no ring)
Stlth    +++.......             (no ring)
HPRegen  0.18/turn              (no ring)
MPRegen  0.11/turn              (no ring)
                                (no ring)
                                (no ring)

@: gold aura
A: almost no armour, stealthy swim, amphibious, 8 rings, constrict 8, camouflage
1, gelatinous body 1
a: Renounce Religion, Evoke Flight, Potion Petition, Call Merchant, Bribe Branch


You were on level 4 of the Dungeon.
You worshipped Gozag.
Gozag was aware of your devotion.
You visited 1 branch of the dungeon, and saw 4 of its levels.

You collected 265 gold pieces.
You paid 62 gold pieces to Gozag.

Inventory:

Hand Weapons
 a - a +0 long sword (weapon)
 k - a +2 dagger of draining
Missiles
 h - 10 poisoned darts (quivered)
Armour
 b - a +0 kite shield (worn)
Jewellery
 q - the amulet of Kehuat (around mantle) {Spirit *Drain +Fly Will++ Str+3}
   (You found it on level 4 of the Dungeon)

   [amulet of guardian spirit]

   It causes incoming damage to be split between your health and magic.
   It affects your strength (+3).
   It affects your willpower, your defense against some magical effects.
   It lets you fly.
   It causes draining when unequipped.
Wands
 p - a wand of random effects (26)
Scrolls
 e - a scroll of amnesia {unknown}
 f - a scroll of fog {unknown}
 i - a scroll of fear {unknown}
 l - a scroll of noise {unknown}
 n - a scroll of blinking {unknown}
 o - a scroll of enchant weapon {unknown}
Potions
 c - 3 potions of might
 g - 5 potions of curing
 j - a potion of lignification
 m - a potion of degeneration {unknown}


   Skills:
 - Level 4.0 Fighting
 * Level 7.1 Long Blades
 - Level 4.0 Dodging
 - Level 4.0 Stealth
 - Level 4.0 Shields


You had 7 spell levels left.
You didn't know any spells.
Your spell library was empty.

Dungeon Overview and Level Annotations

Branches:
Dungeon (4/15)
 Temple: D:4-7

Altars:
Gozag
Ru
Sif Muna
Uskayaw
Vehumet
Yredelemnul
Zin


Innate Abilities, Weirdness & Mutations

You cannot wear most types of armour.
You are very stealthy in the water. (Stealth+)
You are amphibious.
You can wear up to eight rings at the same time.
You can use your tentacles to constrict eight enemies at once.
Your skin changes colour to match your surroundings (Stealth+).
Your rubbery body absorbs attacks. (AC +1, EV +1)


Message History

You kill the orc priest!
An orc priest comes into view. It is wielding a +0 club.
You hit the orc. You grab the orc. You squeeze the orc.
You kill the orc!
The orc priest mumbles some strange prayers to Beogh against you.
You resist with almost no effort.
An ogre comes into view. It is wielding a +0 giant club.
The orc priest mumbles some strange prayers to Beogh against you.
Beogh smites you!
* * * LOW HITPOINT WARNING * * *
Items here: $ )) [.
You slash the orc priest!
You kill the orc priest!
Your Long Blades skill increases to level 7!
You have reached level 8!
As you read the scroll labelled TOCZIF INY, it crumbles to dust.
You feel blessed for a moment.
It was a scroll of remove curse.
The orc wizard hits you with a +0 dagger.
You die...
Your body crumbles into a pile of gold.

♣......#
♣♣......#
♣♣♣♣.......#
...........#
......##...#
...O(.#..#.#
...........#
#....o###.#
#....@..>#
##########
.#


You could see an ogre and an orc wizard.

Vanquished Creatures
  A phantom (D:4)
  3 ogres (D:4)
  Blork the orc (D:4)
  2 howler monkeys
  2 orc priests (D:4)
  A hound (D:4)
  Terence (D:2)
  Jessica (D:2)
  A hound zombie (D:3)
  A worker ant zombie (D:3)
  Robin (D:2)
  4 gnolls (D:4)
  5 adders
  4 worms
  2 leopard geckos
  5 orcs
  8 bats
  4 giant cockroaches
  12 goblins
  11 hobgoblins
  8 jackals
  5 quokkas
  A ball python (D:3)
  4 frilled lizards
  4 kobolds
  15 rats
107 creatures vanquished.

Vanquished Creatures (others)
  A withered plant (D:2)
1 creature vanquished.

Grand Total: 108 creatures vanquished

Notes
Turn   | Place    | Note
-------+----------+-------------------------------------------
     0 | D:1      | Tirrikindir the Octopode Fighter began the quest for the
                  | Orb.
     0 | D:1      | Reached XP level 1. HP: 16/16 MP: 1/1
   197 | D:1      | Reached XP level 2. HP: 19/21 MP: 2/2
   217 | D:1      | Reached skill level 1 in Stealth
   697 | D:2      | Noticed Jessica
   704 | D:2      | Killed Jessica
   705 | D:2      | Reached XP level 3. HP: 26/26 MP: 3/3
   743 | D:2      | Noticed Terence
   749 | D:2      | Killed Terence
   750 | D:2      | Reached XP level 4. HP: 26/31 MP: 4/4
   752 | D:2      | Reached skill level 3 in Long Blades
   956 | D:2      | Found a sacrificial altar of Ru.
   958 | D:2      | Found a hide-covered altar of Uskayaw.
  1192 | D:2      | Found a basalt altar of Yredelemnul.
  1362 | D:2      | Noticed Robin
  1372 | D:2      | Reached XP level 5. HP: 19/36 MP: 5/5
  1385 | D:2      | Killed Robin
  1855 | D:2      | Found a shimmering blue altar of Sif Muna.
  2312 | D:3      | Reached XP level 6. HP: 36/43 MP: 6/6
  2767 | D:4      | Found a radiant altar of Vehumet.
  2773 | D:4      | Noticed Blork the orc
  2782 | D:4      | Killed Blork the orc
  2783 | D:4      | Reached skill level 4 in Long Blades
  2856 | D:4      | Got a smoking emerald amulet
  2867 | D:4      | Identified the amulet of Kehuat {Spirit *Drain +Fly Will++
                  | Str+3} (You found it on level 4 of the Dungeon)
  3028 | D:4      | Noticed a phantom
  3069 | D:4      | Reached skill level 5 in Long Blades
  3069 | D:4      | Reached XP level 7. HP: 8/48 MP: 1/7
  3611 | D:4      | Found an opulent altar of Gozag.
  3611 | D:4      | Found a glowing silver altar of Zin.
  3617 | D:4      | Became a worshipper of Gozag Ym Sagoz the Greedy
  3849 | D:4      | Reached skill level 6 in Long Blades
  4190 | D:4      | Reached skill level 7 in Long Blades
  4190 | D:4      | Reached XP level 8. HP: 3/54 MP: 1/8
  4190 | D:4      | Slain by an orc wizard

Illustrated notes

Levels and vault maps discovered:
D:1:      lightli_arrival_lavapool, layout_basic
D:2:      minmay_alternating_diamond, layout_basic,
          chequers_temple_overflow_statue_of_worship, yredelemnul_altar_generic,
          led_sif_pool, uniq_robin, uniq_terence, uniq_jessica
D:3:      layout_loops_ring
D:4:      layout_loops_ring, grunt_temple_overflow_gold_and_silver,
          nicolae_overflow_crystal_walls, kennysheep_decorative_pillar,
          uniq_blork_the_orc

Skill      XL: |  1  2  3  4  5  6  7 |
---------------+----------------------+-----
Stealth        | 1 2 3 4 |  4.0
Long Blades    | 3 5 7 |  7.1
Fighting       | 4 |  4.0
Dodging        | 4 |  4.0
Shields        | 4 |  4.0

Action                   |  1- 3 |  4- 6 |  7- 9 || total
-------------------------+-------+-------+-------++-------
Melee: Long sword        |    37 |   126 |    39 ||   202
       Constrict         |    13 |    46 |     5 ||    64
       Tentacles         |     9 |    22 |     6 ||    37
Throw: Dart              |       |     8 |    22 ||    30
  Use: Scroll            |       |     3 |     1 ||     4
       Potion            |       |     2 |       ||     2
 Stab: Sleeping          |     6 |    13 |       ||    19
Armor: Skin              |     4 |     5 |     1 ||    10
Dodge: Dodged            |    10 |    42 |    11 ||    63
Block: Kite shield       |    15 |    43 |    15 ||    73
       Rpst.: Long sword |     2 |    13 |     3 ||    18
